 Dungeon Crawl Stone Soup version 0.18.1-50-g88ac8fd (webtiles) character file.

3094 tsuxds the Blocker (level 9, 0/78 HPs)
             Began as a Minotaur Fighter on Oct 1, 2016.
             Was a High Priest of Qazlal.
             Slain by a killer bee (3 damage)
             ... on level 8 of the Dungeon.
             The game lasted 00:34:45 (5267 turns).

tsuxds the Blocker (Minotaur Fighter)               Turns: 5267, Time: 00:34:45

Health: 0/78       AC: 10    Str: 23    XL:     9   Next: 59%
Magic:  8/8        EV:  4    Int:  5    God:    Qazlal [*****.]
Gold:   482        SH: 28    Dex: 11    Spells: 0 memorised, 8 levels left

rFire  . . .     SeeInvis .     a - +1 war axe
rCold  . . .     Gourm    .     b - +0 scale mail
rNeg   + + .     Faith    .     e - +0 large shield
rPois  .         Spirit   .     (helmet restricted)
rElec  .         Dismiss  .     (no cloak)
rCorr  .         Reflect  +     (no gloves)
SustAt .         Harm     .     j - +1 pair of boots
MR     .....                    y - +4 amulet of reflection
Stlth  ..........               A - ring of positive energy
                                w - ring of positive energy

@: lethally poisoned (0 -> 0), repel missiles, not resistant to hostile
enchantments, extremely unstealthy
A: retaliatory headbutt, horns 2
a: Upheaval, Elemental Force, Disaster Area, Renounce Religion


You were on level 8 of the Dungeon.
You worshipped Qazlal.
Qazlal was extremely pleased with you.
You were not hungry.

You visited 2 branches of the dungeon, and saw 9 of its levels.

You collected 482 gold pieces.

Inventory:

Hand Weapons
 a - a +1 war axe (weapon)
Armour
 b - a +0 scale mail (worn)
 c - a +0 shield
 e - a +0 large shield (worn)
 j - a +1 pair of boots (worn)
 I - a +0 scale mail
Jewellery
 w - a ring of positive energy (left hand)
 y - a +4 amulet of reflection (around neck)
 A - a ring of positive energy (right hand)
 C - an uncursed ring of ice
 G - an uncursed amulet of dismissal
Wands
 D - a wand of polymorph (22/24)
 K - a wand of digging (1/24)
 L - a wand of disintegration (11/24)
Scrolls
 g - a scroll of remove curse
 i - a scroll of recharging {unknown}
 m - a scroll of teleportation {unknown}
 n - 3 scrolls of identify
 p - a scroll of amnesia {unknown}
 q - 4 scrolls of magic mapping
 s - a scroll of enchant armour {unknown}
 t - 3 scrolls of fog {unknown}
 B - a scroll of holy word {unknown}
 E - a scroll of immolation {unknown}
 J - a scroll of noise {unknown}
Potions
 d - a potion of cancellation {unknown}
 f - a potion of brilliance {unknown}
 l - 6 potions of curing {unknown}
 o - 2 potions of haste
 r - a potion of degeneration {unknown}
 v - a potion of lignification {unknown}
 x - a potion of heal wounds {unknown}
 z - a potion of mutation {unknown}
 F - a potion of magic {unknown}
 H - a potion of cure mutation {unknown}
Books
 u - a book of Battle

   Spells                             Type                      Level
   a - Infusion                       Charms                       1
   b - Shroud of Golubria             Charms/Translocation         2
   c - Song of Slaying                Charms                       2
   d - Spectral Weapon                Hexes/Charms                 3
   e - Regeneration                   Charms/Necromancy            3
Comestibles
 h - a bread ration
 k - 4 meat rations
 M - a slice of pizza


   Skills:
 + Level 6.6 Fighting
 + Level 7.7 Axes
 + Level 7.0 Armour
 - Level 5.5 Dodging
 - Level 1.0 Stealth
 + Level 10.4 Shields


You had 8 spell levels left.
You didn't know any spells.

Dungeon Overview and Level Annotations

Branches:
Dungeon (8/15)             Temple (1/1) D:6
   Lair: D:8-11

Altars:
Ashenzari
Cheibriados
Dithmenos
Elyvilon
Fedhas
Gozag
Kikubaaqudgha
Makhleb
Nemelex Xobeh
Okawaru
Pakellas
Qazlal
Ru
Sif Muna
Trog
Vehumet
Xom
Yredelemnul
Zin
The Shining One

Shops:
D:4 =   D:7 ?


Innate Abilities, Weirdness & Mutations

You reflexively headbutt those who attack you in melee.
You have a pair of horns on your head.


Message History

* * * LOW HITPOINT WARNING * * *
The killer bee is engulfed in roaring flames.
You block the killer bee's attack.
The killer bee stings you but does no damage.
The killer bee stings you.
* * * LOW HITPOINT WARNING * * *
You are poisoned.
The killer bee poisons you! You block the hobgoblin's attack.
Things that are here:
a hand axe; 3 tomahawks of dispersal; an orc skeleton You feel sick.
You block the killer bee's attack.
The killer bee is engulfed in freezing vapours.
You kill the killer bee!
Qazlal accepts your kill.
Your Armour skill increases to level 7!
You feel sick.
There is a stone staircase leading up here.
You feel sick. You block the killer bee's attack.
You block the hobgoblin's attack. The killer bee stings you.
You die...

.........#..+
####.......##
####.#### #.# #.#
#.# #.# # ####.#####
.# #...@y...# #.##
#.##.###.####...##
#.##.g...........#
#.###.##§.#......##
#.# #.##..#........
#.###.##.§.......##
#........##)#...##
#####.#####.##.##
#########.......##.#


You could see a killer bee and a hobgoblin.

Vanquished Creatures
  Eustachio (D:5)
  A hungry ghost (D:7)
  Duvessa (D:6)
  2 water moccasins
  3 sky beasts
  2 phantoms
  An ogre (D:5)
  2 centaurs
  A giant frog (D:5)
  Dowan (D:6)
  2 scorpions
  The ghost of Aziraphale the Shooter, a weakling CeHu (D:3)
  5 killer bees (D:8)
  5 howler monkeys
  5 crimson imps
  A quasit (D:7)
  3 hounds
  2 orc priests
  A giant frog zombie (D:7)
  A gnoll shaman (D:4)
  5 orc wizards
  A giant frog skeleton (D:7)
  Crazy Yiuf (D:6)
  A centaur skeleton (D:6)
  An iguana (D:7)
  2 worker ants
  A hound zombie (D:6)
  2 hound skeletons
  Robin (D:3)
  A worker ant zombie (D:5)
  A howler monkey zombie (D:8)
  6 adders
  10 gnolls
  A howler monkey skeleton (D:4)
  A shadow imp (D:5)
  5 oozes
  2 adder skeletons
  3 worms
  8 giant geckos
  18 orcs
  3 ball pythons
  10 bats
  3 giant cockroaches
  21 goblins
  11 hobgoblins
  10 jackals
  9 kobolds
  3 quokkas
  6 giant newts
  A quokka skeleton (D:6)
  12 rats
201 creatures vanquished.

Vanquished Creatures (others)
  2 worker ants (D:4)
  A quokka skeleton (D:4)
3 creatures vanquished.

Grand Total: 204 creatures vanquished

Notes
Turn   | Place    | Note
--------------------------------------------------------------
     0 | D:1      | tsuxds the Minotaur Fighter began the quest for the Orb.
     0 | D:1      | Reached XP level 1. HP: 19/19 MP: 0/0
   112 | D:1      | Reached XP level 2. HP: 22/27 MP: 1/1
   167 | D:1      | Reached skill level 4 in Shields
   386 | D:1      | Reached XP level 3. HP: 33/33 MP: 2/2
   676 | D:2      | Found a faded altar to an unknown god.
   688 | D:2      | Became a worshipper of Qazlal Stormbringer
   688 | D:2      | Reached * piety under Qazlal
   832 | D:2      | Reached skill level 1 in Dodging
   839 | D:2      | Reached XP level 4. HP: 40/40 MP: 3/3
  1271 | D:2      | Reached ** piety under Qazlal
  1295 | D:3      | Noticed Aziraphale's ghost (weakling CeHu)
  1313 | D:3      | Killed Aziraphale's ghost
  1318 | D:3      | Noticed Robin
  1331 | D:3      | Reached XP level 5. HP: 20/46 MP: 4/4
  1341 | D:3      | Killed Robin
  1734 | D:3      | Reached skill level 5 in Shields
  1984 | D:3      | Found a shattered altar of Ashenzari.
  2197 | D:3      | Reached *** piety under Qazlal
  2570 | D:4      | Found a shimmering altar of Xom.
  2580 | D:4      | Reached XP level 6. HP: 46/52 MP: 5/5
  2664 | D:4      | Found an iron altar of Okawaru.
  2677 | D:4      | Reached skill level 6 in Shields
  2696 | D:4      | Reached skill level 5 in Armour
  2708 | D:4      | Reached XP level 7. HP: 29/60 MP: 6/6
  3043 | D:4      | Found Gaaraef's Jewellery Shop.
  3196 | D:5      | Entered Level 5 of the Dungeon
  3218 | D:5      | Found a deep blue altar of Sif Muna.
  3234 | D:5      | Found a stormy altar of Qazlal.
  3244 | D:5      | Reached skill level 7 in Shields
  3349 | D:5      | Reached skill level 5 in Axes
  3464 | D:5      | Reached skill level 5 in Fighting
  3493 | D:5      | Noticed Eustachio
  3496 | D:5      | Reached XP level 8. HP: 61/68 MP: 7/7
  3498 | D:5      | Reached **** piety under Qazlal
  3512 | D:5      | Killed Eustachio
  3674 | D:6      | Noticed Crazy Yiuf
  3683 | D:6      | Killed Crazy Yiuf
  3824 | D:6      | Found a staircase to the Ecumenical Temple.
  3847 | Temple   | Entered the Ecumenical Temple
  3976 | D:6      | Reached skill level 8 in Shields
  3983 | D:6      | Noticed Duvessa
  3994 | D:6      | Killed Duvessa
  4011 | D:6      | Noticed Dowan
  4029 | D:6      | Killed Dowan
  4091 | D:6      | Found a shadowy altar of Dithmenos.
  4334 | D:6      | Reached skill level 9 in Shields
  4451 | D:7      | Found Guopteha's Magic Scroll Shoppe.
  4480 | D:7      | Reached skill level 5 in Dodging
  4481 | D:7      | Reached XP level 9. HP: 75/75 MP: 8/8
  4694 | D:7      | Found an oddly glowing altar of Pakellas.
  4994 | D:8      | Reached ***** piety under Qazlal
  4997 | D:8      | Reached skill level 10 in Shields
  5012 | D:8      | Found a sparkling altar of Nemelex Xobeh.
  5104 | D:8      | Reached skill level 1 in Stealth
  5264 | D:8      | HP: 3/78 [poisoned by a killer bee]
  5267 | D:8      | Slain by a killer bee

Skill      XL: |  1  2  3  4  5  6  7  8  9 |
---------------+----------------------------+-----
Shields        | 4 5 6 7 9 10 | 10.4
Armour         | 4 5 6 7 |  7.0
Axes           | 3 4 5 6 7 |  7.7
Fighting       | 4 5 6 |  6.6
Dodging        | 1 2 3 4 5 |  5.5
Stealth        | 1 |  1.0

Action                   |  1- 3 |  4- 6 |  7- 9 || total
-------------------------+-------+-------+-------++-------
Melee: War axe           |   101 |   163 |   298 ||   562
       Headbutt          |    13 |    26 |    46 ||    85
  Use: Potion            |       |     1 |       ||     1
       Scroll            |       |       |     6 ||     6
  Eat: Bread ration      |     1 |       |     1 ||     2
       Fruit             |       |     3 |       ||     3
       Pizza             |       |     1 |       ||     1
       Meat ration       |       |       |     1 ||     1
Armor: Scale mail        |    41 |    66 |    68 ||   175
Dodge: Dodged            |    14 |    29 |    37 ||    80
Block: Large shield      |   103 |   201 |   407 ||   711
       Reflection        |       |       |     5 ||     5
